D7 vs 赵天天_蒙特卡沃上路高地摔跤

Match 16882207
End
Construct Weapon Support Center
M1919 Machine Gun Team
Selects Special Operations Battlegroup
Selects Special Operations Battlegroup
Selects M29 Weasel Recon Vehicle
M29 Weasel Recon Vehicle
Bazooka Squad
Construct Barracks
Riflemen Squad
Riflemen Squad
Selects Raiding Flares
Grenade Package
Infantry Support Center
M3 Armored Personnel Carrier
M3 Armored Personnel Carrier
Raiding Flares
M1918 Browning Automatic Rifles
Demolitions Package
Selects SSF Commando Squad
Selects Mark Vehicle
SSF Commando Squad
Construct Motor Pool
M1 Anti-tank Gun Team
Raiding Flares
M1919 Machine Gun Team
M1 Mortar Team
Raiding Flares
M1 Anti-tank Gun Team
Selects M4A1 Sherman Whizbang
M4A1 Sherman Whizbang
Raiding Flares
Mark Vehicle
M4A1 Sherman Whizbang
Raiding Flares
M4A1 Sherman Whizbang
Engineer Squad
M4A1 Sherman Whizbang
M3 Armored Personnel Carrier
Engineer Squad
Raiding Flares
Selects Assault Operation
Assault Operation
Raiding Flares
M4A1 Sherman Whizbang
M3 Armored Personnel Carrier
M1 Anti-tank Gun Team
Assault Operation
Raiding Flares
M1 Anti-tank Gun Team
SSF Commando Squad
Rommels Zirkus
天师傅
豪师傅
屁力火
Atlantis_164
Hunter Dak
Powder
†Wehrmacht_502nd†Tigergruppe
0
0

Comments sign in to comment!

No comments posted yet!